Jets vs Red Wings
(R1)
Created - 8 novembre 2016 at 18:58
Goals
|
| Jets |
2 |
1 |
0 |
3 |
| Red Wings |
0 |
4 |
2 |
6 |
|
Shots
|
| Jets |
6 |
12 |
6 |
24 |
| Red Wings |
3 |
12 |
11 |
26 |
|
1st period
1. Jets , Brent Seabrook 1 (Mikko Koivu) at 18:38 (PP)
2. Jets , Derek Roy 7 (Benoit Pouliot, Tyler Seguin) at 19:14
Penalties :
Stephane Robidas (Det) for Tripping (Minor) at 18:01
2nd period
3. Jets , Eric Fehr 3 (Brent Seabrook, Michael Rupp) at 2:35
4. Red Wings , Alex Picard 1 (Rickard Wallin) at 8:37
5. Red Wings , Nate Thompson 1 (Maxim Kondratiev, Filip Kuba) at 9:33
6. Red Wings , Phil Kessel 5 (Mike Richards, Rick Nash) at 10:23
7. Red Wings , Phil Kessel 6 (Rick Nash, Mike Richards) at 14:26 (PP)
Penalties :
Fredrik Sjostrom (Win) for Hooking (Minor) at 2:49, Mike Brown (Det) for Tripping (Minor) at 5:12, Brent Seabrook (Win) for Holding (Minor) at 5:48, Steve Downie (Det) for Diving (Minor) at 11:12, Zack Hamill (Win) for High sticking (Minor) at 13:33, Sean Bergenheim (Det) for Roughing (Minor) at 14:33, Stephane Robidas (Det) for Hooking (Minor) at 18:27
3rd period
8. Red Wings , Nate Thompson 2 (Mike Richards, Rick Nash) at 14:46
9. Red Wings , Ales Hemsky 1 (Jonathan Sigalet, Nate Thompson) at 17:42
Penalties :
Maxim Kondratiev (Det) for Tripping (Minor) at 3:28, Filip Kuba (Det) for Roughing (Minor) at 7:18, Rick Nash (Det) for Tripping (Minor) at 17:56
Goalie Stats
Jacob Markstrom (Win), 20 saves from 26 shots - (0,769), L, 0-1-0, 60:00 minutes
Michal Neuvirth (Det), 21 saves from 24 shots - (0,875), W, 2-1-2, 60:00 minutes
Players Stats for Jets
Player Name G A P +/- PIM S H SB GA TA FO MP PP MP PK MP
------------------------------------------------------------------------------------
Anton Volchenkov 0 0 0 1 0 0 1 1 0 2 0/0 21:30 4:28 2:08
Benoit Pouliot 0 1 1 1 0 4 2 0 0 0 2/2 21:34 8:20 0:40
Blake Wheeler 0 0 0 1 0 3 4 0 0 0 2/5 22:55 8:20 2:28
Brent Seabrook 1 1 2 1 2 1 3 1 0 3 0/0 27:22 8:38 1:59
Derek Roy 1 0 1 1 0 6 4 0 1 1 11/27 21:19 8:20 0:35
Dmitri Kalinin 0 0 0 -1 0 0 2 0 0 1 0/0 24:58 8:39 1:02
Eric Fehr 1 0 1 -1 0 3 0 0 0 0 0/1 10:44 0:00 0:00
Eric Gelinas 0 0 0 -3 0 0 1 0 0 1 0/0 12:54 0:00 0:27
Fredrik Sjostrom 0 0 0 -2 2 1 1 0 0 0 0/0 9:51 0:00 0:00
Jimmy Hayes 0 0 0 -2 0 0 1 0 1 0 0/0 9:46 0:00 0:00
Jussi Jokinen 0 0 0 -1 0 1 1 1 0 0 0/0 14:32 4:47 0:00
Kevin Klein 0 0 0 -3 0 2 1 0 0 0 0/0 17:09 4:28 0:27
Marco Scandella 0 0 0 -1 0 0 2 0 0 0 0/0 16:10 0:00 0:53
Michael Rupp 0 1 1 -1 0 0 2 1 0 0 0/0 13:21 0:00 2:16
Mikko Koivu 0 1 1 -1 0 1 0 0 0 0 5/8 15:07 4:47 0:09
Tomas Kopecky 0 0 0 -1 0 2 1 0 0 0 0/0 10:23 0:00 0:20
Tyler Seguin 0 1 1 -1 0 0 0 0 0 0 2/7 15:46 4:47 0:28
Zack Hamill 0 0 0 -2 2 0 0 0 1 0 1/5 9:45 0:00 0:00
Players Stats for Red Wings
Player Name G A P +/- PIM S H SB GA TA FO MP PP MP PK MP
------------------------------------------------------------------------------------
Adam Henrique 0 0 0 2 0 2 1 0 0 0 0/0 12:07 1:17 0:00
Ales Hemsky 1 0 1 2 0 4 2 0 0 1 0/0 10:54 0:00 0:00
Alex Picard 1 0 1 1 0 1 0 0 1 0 0/0 9:46 0:00 1:02
Chris Campoli 0 0 0 1 0 1 3 2 0 0 0/0 20:06 0:00 8:47
Filip Kuba 0 1 1 2 2 0 0 1 0 0 0/0 19:53 0:44 3:21
Jonathan Sigalet 0 1 1 1 0 1 2 1 0 1 0/0 14:34 0:53 1:55
Maxim Kondratiev 0 1 1 2 2 2 2 2 1 0 0/0 20:34 0:00 6:42
Mike Brown 0 0 0 1 2 1 0 1 0 0 0/0 10:32 0:09 1:40
Mike Richards 0 3 3 0 0 3 1 1 1 0 22/34 21:53 2:02 6:16
Nate Thompson 2 1 3 2 0 4 1 0 1 0 2/4 10:50 0:00 0:00
Phil Kessel 2 0 2 0 0 4 0 2 0 0 0/0 14:38 2:02 0:00
Rick Nash 0 3 3 0 2 0 0 1 0 0 1/1 21:14 2:02 5:34
Rickard Wallin 0 1 1 1 0 0 0 0 1 0 5/8 15:03 0:00 6:34
Sean Bergenheim 0 0 0 0 2 1 0 1 1 1 1/1 11:39 1:26 0:00
Shea Weber 0 0 0 0 0 0 1 2 2 0 0/0 24:11 2:35 4:20
Stephane Robidas 0 0 0 0 4 0 3 0 0 0 0/0 20:59 2:44 1:09
Steve Downie 0 0 0 0 2 0 2 0 0 0 0/1 14:53 0:00 5:08
Tomas Plekanec 0 0 0 0 0 2 2 0 0 0 1/6 11:36 1:26 0:00
3 Stars
1 - Nate Thompson (Det)
2 - Phil Kessel (Det)
3 - Brent Seabrook (Win)
Power Play
Jets - 1 on 8 Attempt(s) - 12,50%
Red Wings - 1 on 3 Attempt(s) - 33,33%
Penalty Kill
Jets - 2 on 3 Attempt(s) - 66,67%
- Score 0 goal in Penalty Kill
Red Wings - 7 on 8 Attempt(s) - 87,50%
- Score 0 goal in Penalty Kill
Team Stat
Jets - Hits : 26 - Faceoff Wins : 23 - Blocked Shots : 4 - Penalty Minutes : 6
Red Wings - Hits : 20 - Faceoff Wins : 32 - Blocked Shots : 14 - Penalty Minutes : 16
Official
Referees : Meier Brad and Sutherland Kelly
Linesman : Darren Gibbs and Derek Amell
Game Notes
No Game Note
Finance
Level 1 -- Attendance: 6000 (100,00%) -- Ticket Income 450 000 $
Level 2 -- Attendance: 5000 (100,00%) -- Ticket Income 225 000 $
Level 3 -- Attendance: 2000 (100,00%) -- Ticket Income 50 000 $
Level 4 -- Attendance: 3884 (97,10%) -- Ticket Income 69 912 $
Luxury Box -- Attendance: 959 (95,90%) -- Ticket Income 143 850 $
Game was played at the Joe Louis Arena.
Total Attendance: 17843 (99,13%)
Total Ticket Income: 938 762 $
Other Income: 140 814 $
Total Income: 1 079 576 $
Jets
5 vs 5 Forward
Center Left Wing Right Wing Time % Phy DF OF
1 Derek Roy Benoit Pouliot Blake Wheeler 30 0 0 5
2 Mikko Koivu Jussi Jokinen Tomas Kopecky 26 0 0 5
3 Tyler Seguin Michael Rupp Eric Fehr 24 0 0 5
4 Zack Hamill Fredrik Sjostrom Jimmy Hayes 20 1 2 2
5 vs 5 Defense
Defense Defense Time % Phy DF OF
1 Anton Volchenkov Brent Seabrook 30 0 2 3
2 Dmitri Kalinin Marco Scandella 30 0 2 3
3 Eric Gelinas Kevin Klein 25 0 3 2
4 Brent Seabrook Marco Scandella 15 1 3 1
PowerPlay Forward
Center Left Wing Right Wing Time % Phy DF OF
1 Derek Roy Benoit Pouliot Blake Wheeler 60 0 0 5
2 Mikko Koivu Jussi Jokinen Tyler Seguin 40 1 0 4
PowerPlay Defense
Defense Defense Time % Phy DF OF
1 Dmitri Kalinin Brent Seabrook 60 0 1 4
2 Anton Volchenkov Kevin Klein 40 0 1 4
Penalty Kill 4 Players Forward
Center Wing Time % Phy DF OF
1 Blake Wheeler Michael Rupp 60 0 5 0
2 Derek Roy Tomas Kopecky 40 0 5 0
Penalty Kill 4 Players Defense
Defense Defense Time % Phy DF OF
1 Anton Volchenkov Brent Seabrook 60 0 5 0
2 Dmitri Kalinin Marco Scandella 40 0 5 0
Penalty Kill - 3 Players Forward
Forward Time % Phy DF OF
1 Blake Wheeler 55 0 4 1
2 Derek Roy 45 0 4 1
Penalty Kill - 3 Players Defense
Defense Defense Time % Phy DF OF
1 Anton Volchenkov Brent Seabrook 55 1 2 2
2 Dmitri Kalinin Marco Scandella 45 1 2 2
4 vs 4 Forward
Center Wing Time % Phy DF OF
1 Derek Roy Benoit Pouliot 60 1 1 3
2 Mikko Koivu Blake Wheeler 40 1 1 3
4 vs 4 Defense
Defense Defense Time % Phy DF OF
1 Brent Seabrook Anton Volchenkov 60 0 3 2
2 Dmitri Kalinin Marco Scandella 40 0 3 2
Last Minutes Offensive
Center Left Wing Right Wing Defense Defense
Derek Roy Benoit Pouliot Blake Wheeler Brent Seabrook Anton Volchenkov
Last Minutes Defensive
Center Left Wing Right Wing Defense Defense
Derek Roy Michael Rupp Blake Wheeler Brent Seabrook Anton Volchenkov
Goaltenders
Starting : Jacob Markstrom
Backup : Kari Lehtonen
Extra Forwards
Normal : Jussi Jokinen, Tomas Kopecky, Benoit Pouliot - PP : Jussi Jokinen, Tomas Kopecky - PK : Derek Roy
Extra Defensemen
Normal : Dmitri Kalinin, Brent Seabrook, Anton Volchenkov - PP : Anton Volchenkov - PK : Dmitri Kalinin, Anton Volchenkov
Penalty Shots
Benoit Pouliot, Derek Roy, Blake Wheeler, Jussi Jokinen, Mikko Koivu
Red Wings
5 vs 5 Forward
Center Left Wing Right Wing Time % Phy DF OF
1 Mike Richards Rick Nash Phil Kessel 40 1 2 2
2 Tomas Plekanec Sean Bergenheim Steve Downie 30 1 2 2
3 Nate Thompson Adam Henrique Ales Hemsky 20 1 2 2
4 Rickard Wallin Alex Picard Mike Brown 10 1 2 2
5 vs 5 Defense
Defense Defense Time % Phy DF OF
1 Shea Weber Stephane Robidas 40 1 2 2
2 Filip Kuba Maxim Kondratiev 30 0 3 2
3 Chris Campoli Jonathan Sigalet 20 1 2 2
4 Chris Campoli Jonathan Sigalet 10 1 3 1
PowerPlay Forward
Center Left Wing Right Wing Time % Phy DF OF
1 Mike Richards Rick Nash Phil Kessel 60 0 1 4
2 Tomas Plekanec Adam Henrique Sean Bergenheim 40 0 1 4
PowerPlay Defense
Defense Defense Time % Phy DF OF
1 Shea Weber Stephane Robidas 60 0 2 3
2 Filip Kuba Jonathan Sigalet 40 0 2 3
Penalty Kill 4 Players Forward
Center Wing Time % Phy DF OF
1 Mike Richards Steve Downie 50 1 2 2
2 Rickard Wallin Rick Nash 50 1 2 2
Penalty Kill 4 Players Defense
Defense Defense Time % Phy DF OF
1 Maxim Kondratiev Chris Campoli 60 1 2 2
2 Shea Weber Filip Kuba 40 1 2 2
Penalty Kill - 3 Players Forward
Forward Time % Phy DF OF
1 Rickard Wallin 60 1 2 2
2 Steve Downie 40 1 2 2
Penalty Kill - 3 Players Defense
Defense Defense Time % Phy DF OF
1 Maxim Kondratiev Chris Campoli 60 1 2 2
2 Shea Weber Filip Kuba 40 1 2 2
4 vs 4 Forward
Center Wing Time % Phy DF OF
1 Mike Richards Rick Nash 60 1 2 2
2 Tomas Plekanec Sean Bergenheim 40 1 2 2
4 vs 4 Defense
Defense Defense Time % Phy DF OF
1 Shea Weber Filip Kuba 50 1 2 2
2 Stephane Robidas Jonathan Sigalet 50 1 2 2
Last Minutes Offensive
Center Left Wing Right Wing Defense Defense
Mike Richards Rick Nash Phil Kessel Shea Weber Filip Kuba
Last Minutes Defensive
Center Left Wing Right Wing Defense Defense
Rickard Wallin Rick Nash Steve Downie Shea Weber Maxim Kondratiev
Goaltenders
Starting : Michal Neuvirth
Backup : Mike McKenna
Extra Forwards
Normal : Rick Nash, Sean Bergenheim, Adam Henrique - PP : Steve Downie, Ales Hemsky - PK : Mike Brown
Extra Defensemen
Normal : Shea Weber, Filip Kuba, Jonathan Sigalet - PP : Chris Campoli - PK : Jonathan Sigalet, Stephane Robidas
Penalty Shots
Rick Nash, Mike Richards, Steve Downie, Shea Weber, Phil Kessel
% Time on Ice - Jets
Lines # - Real PCT - Wanted PCT - Time Play
Normal Forward
1 - 28% - 30% - 11:47
2 - 23% - 26% - 9:45
3 - 26% - 24% - 10:44
4 - 23% - 20% - 9:46
Normal Defense
1 - 33% - 30% - 14:02
2 - 30% - 30% - 12:47
3 - 28% - 25% - 11:37
4 - 9% - 15% - 3:36
PP Forward
1 - 64% - 60% - 8:20
2 - 36% - 40% - 4:47
PP Defense
1 - 66% - 60% - 8:39
2 - 34% - 40% - 4:28
PK Forward
1 - 86% - 60% - 2:59
2 - 14% - 40% - 0:29
PK Defense
1 - 75% - 60% - 2:35
2 - 25% - 40% - 0:53
PK3 Forward
1 - 0% - 55%
2 - 0% - 45%
PK3 Defense
1 - 0% - 55%
2 - 0% - 45%
44 Forward
1 - 69% - 60% - 0:57
2 - 31% - 40% - 0:26
44 Defense
1 - 100% - 60% - 1:23
2 - 0% - 40% - 0:00
Last Minute Offensive - 0:00
Last Minute Defensive - 0:00
Total
Forward - 60:00
Defense - 60:00
|
% Time on Ice - Red Wings
Lines # - Real PCT - Wanted PCT - Time Play
Normal Forward
1 - 31% - 40% - 12:59
2 - 23% - 30% - 9:50
3 - 26% - 20% - 10:50
4 - 20% - 10% - 8:23
Normal Defense
1 - 40% - 40% - 16:38
2 - 35% - 30% - 14:32
3 - 19% - 20% - 7:55
4 - 7% - 10% - 2:57
PP Forward
1 - 59% - 60% - 2:02
2 - 41% - 40% - 1:26
PP Defense
1 - 75% - 60% - 2:35
2 - 25% - 40% - 0:53
PK Forward
1 - 48% - 50% - 6:20
2 - 52% - 50% - 6:47
PK Defense
1 - 67% - 60% - 8:47
2 - 33% - 40% - 4:20
PK3 Forward
1 - 0% - 60%
2 - 0% - 40%
PK3 Defense
1 - 0% - 60%
2 - 0% - 40%
44 Forward
1 - 69% - 60% - 0:57
2 - 31% - 40% - 0:26
44 Defense
1 - 59% - 50% - 0:49
2 - 41% - 50% - 0:34
Last Minute Offensive - 0:00
Last Minute Defensive - 0:00
Total
Forward - 60:00
Defense - 60:00
|
Play by Play
1st period
0:01 of 1st period - Mike Richards wins face-off versus Derek Roy in neutral zone.
0:11 of 1st period - Wrist shot by Blake Wheeler.
0:11 of 1st period - Shot Blocked by Shea Weber.
0:52 of 1st period - Adam Henrique is hit by Michael Rupp and loses puck.
0:59 of 1st period - Snap shot by Eric Fehr.
0:59 of 1st period - Stopped by Michal Neuvirth with a rebound.
1:29 of 1st period - Mike Richards is hit by Eric Gelinas and loses puck.
2:17 of 1st period - Slapshot by Adam Henrique.
2:17 of 1st period - Shot Blocked by Brent Seabrook.
2:25 of 1st period - Snap shot by Adam Henrique.
2:25 of 1st period - Stopped by Jacob Markstrom with a rebound.
3:22 of 1st period - Snap shot by Jussi Jokinen.
3:22 of 1st period - Stopped by Michal Neuvirth with a rebound.
3:28 of 1st period - Wrist shot by Tomas Kopecky.
3:28 of 1st period - Stopped by Michal Neuvirth with a rebound.
4:08 of 1st period - Michael Rupp is hit by Stephane Robidas and loses puck.
4:50 of 1st period - Slapshot by Mike Brown.
4:50 of 1st period - Shot Misses the Net.
5:28 of 1st period - Snap shot by Mike Brown.
5:28 of 1st period - Stopped by Jacob Markstrom without a rebound.
5:29 of 1st period - Derek Roy wins face-off versus Mike Richards in Jets zone.
5:46 of 1st period - Snap shot by Blake Wheeler.
5:46 of 1st period - Shot Blocked by Chris Campoli.
7:04 of 1st period - Derek Roy is hit by Steve Downie and loses puck.
7:11 of 1st period - Tomas Plekanec is hit by Derek Roy and loses puck.
7:26 of 1st period - Snap shot by Blake Wheeler.
7:26 of 1st period - Shot Misses the Net.
8:03 of 1st period - Tomas Plekanec is hit by Blake Wheeler and loses puck.
8:12 of 1st period - Eric Gelinas is hit by Tomas Plekanec and loses puck.
8:57 of 1st period - Wrist shot by Blake Wheeler.
8:57 of 1st period - Shot Misses the Net.
9:07 of 1st period - Slapshot by Benoit Pouliot.
9:07 of 1st period - Shot Misses the Net.
9:59 of 1st period - Icing by Stephane Robidas.
10:00 of 1st period - Sean Bergenheim wins face-off versus Tyler Seguin in Red Wings zone.
10:14 of 1st period - Icing by Marco Scandella.
10:15 of 1st period - Mike Richards wins face-off versus Tyler Seguin in Jets zone.
10:32 of 1st period - Maxim Kondratiev is hit by Michael Rupp and loses puck.
10:53 of 1st period - Snap shot by Mike Brown.
10:53 of 1st period - Shot Misses the Net.
11:48 of 1st period - Filip Kuba is hit by Anton Volchenkov and loses puck.
11:52 of 1st period - Icing by Anton Volchenkov.
11:53 of 1st period - Mikko Koivu wins face-off versus Nate Thompson in Jets zone.
11:53 of 1st period - Mikko Koivu is hit by Chris Campoli.
12:13 of 1st period - Jimmy Hayes is hit by Jonathan Sigalet and loses puck.
12:32 of 1st period - Mike Brown is hit by Dmitri Kalinin and loses puck.
12:41 of 1st period - Anton Volchenkov is hit by Maxim Kondratiev and loses puck.
12:54 of 1st period - Mikko Koivu is hit by Ales Hemsky and loses puck.
13:23 of 1st period - Wrist shot by Tomas Kopecky.
13:23 of 1st period - Shot Misses the Net.
15:07 of 1st period - Filip Kuba is hit by Brent Seabrook and loses puck.
18:01 of 1st period - Minor Penalty to Stephane Robidas for Tripping.
18:02 of 1st period - Rickard Wallin wins face-off versus Derek Roy in Red Wings zone.
18:38 of 1st period - Slapshot by Brent Seabrook.
18:38 of 1st period - Goal by Brent Seabrook - Jets : 1 - Red Wings : 0.
18:39 of 1st period - Mike Richards wins face-off versus Mikko Koivu in neutral zone.
18:42 of 1st period - Snap shot by Phil Kessel.
18:42 of 1st period - Stopped by Jacob Markstrom without a rebound.
18:43 of 1st period - Mike Richards wins face-off versus Mikko Koivu in Jets zone.
18:56 of 1st period - Snap shot by Mike Richards.
18:56 of 1st period - Shot Blocked by Jussi Jokinen.
19:12 of 1st period - Snap shot by Derek Roy.
19:12 of 1st period - Stopped by Michal Neuvirth with a rebound.
19:14 of 1st period - Snap shot by Derek Roy.
19:14 of 1st period - Goal by Derek Roy - Jets : 2 - Red Wings : 0.
19:15 of 1st period - Tyler Seguin wins face-off versus Mike Richards in neutral zone.
19:54 of 1st period - Slapshot by Nate Thompson.
19:54 of 1st period - Shot Misses the Net.
Goals for this period are 2 for Jets vs 0 for Red Wings.
Shots for this period are 6 for Jets vs 3 for Red Wings.
2nd period
0:01 of 2nd period - Mikko Koivu wins face-off versus Mike Richards in neutral zone.
0:26 of 2nd period - Steve Downie is hit by Derek Roy and loses puck.
0:37 of 2nd period - Marco Scandella is hit by Steve Downie and loses puck.
1:14 of 2nd period - Snap shot by Benoit Pouliot.
1:14 of 2nd period - Shot Blocked by Jonathan Sigalet.
1:40 of 2nd period - Slapshot by Benoit Pouliot.
1:40 of 2nd period - Deflect By Mike Brown.
1:40 of 2nd period - Shot Blocked by Mike Brown.
1:40 of 2nd period - Puck is out of play.
1:41 of 2nd period - Mike Richards wins face-off versus Zack Hamill in Red Wings zone.
2:08 of 2nd period - Sean Bergenheim is hit by Tomas Kopecky and loses puck.
2:35 of 2nd period - Slapshot by Eric Fehr.
2:35 of 2nd period - Goal by Eric Fehr - Jets : 3 - Red Wings : 0.
2:36 of 2nd period - Mike Richards wins face-off versus Zack Hamill in neutral zone.
2:49 of 2nd period - Minor Penalty to Fredrik Sjostrom for Hooking.
2:50 of 2nd period - Mike Richards wins face-off versus Blake Wheeler in Jets zone.
3:32 of 2nd period - Stephane Robidas is hit by Derek Roy and loses puck.
4:49 of 2nd period - Penalty to Fredrik Sjostrom is over, Fredrik Sjostrom is back on ice.
5:10 of 2nd period - Snap shot by Tomas Kopecky.
5:10 of 2nd period - Stopped by Michal Neuvirth with a rebound.
5:12 of 2nd period - Minor Penalty to Mike Brown for Tripping.
5:13 of 2nd period - Rick Nash wins face-off versus Derek Roy in Red Wings zone.
5:48 of 2nd period - Minor Penalty to Brent Seabrook for Holding.
5:49 of 2nd period - Mike Richards wins face-off versus Derek Roy in Jets zone.
6:34 of 2nd period - Snap shot by Tomas Plekanec.
6:34 of 2nd period - Shot Misses the Net.
6:36 of 2nd period - Snap shot by Sean Bergenheim.
6:36 of 2nd period - Deflect By Tomas Plekanec.
6:36 of 2nd period - Stopped by Jacob Markstrom with a rebound.
6:38 of 2nd period - Slapshot by Jonathan Sigalet.
6:38 of 2nd period - Shot Misses the Net.
6:40 of 2nd period - Snap shot by Sean Bergenheim.
6:40 of 2nd period - Shot Misses the Net.
6:42 of 2nd period - Slapshot by Sean Bergenheim.
6:42 of 2nd period - Stopped by Jacob Markstrom without a rebound.
6:43 of 2nd period - Derek Roy wins face-off versus Mike Richards in Jets zone.
7:12 of 2nd period - Penalty to Mike Brown is over, Mike Brown is back on ice.
7:20 of 2nd period - Slapshot by Sean Bergenheim.
7:20 of 2nd period - Deflect By Tomas Plekanec.
7:20 of 2nd period - Stopped by Jacob Markstrom without a rebound.
7:21 of 2nd period - Blake Wheeler wins face-off versus Tomas Plekanec in Jets zone.
7:26 of 2nd period - Slapshot by Kevin Klein.
7:26 of 2nd period - Stopped by Michal Neuvirth without a rebound.
7:27 of 2nd period - Blake Wheeler wins face-off versus Tomas Plekanec in Red Wings zone.
7:48 of 2nd period - Penalty to Brent Seabrook is over, Brent Seabrook is back on ice.
8:24 of 2nd period - Wrist shot by Tomas Kopecky.
8:24 of 2nd period - Shot Misses the Net.
8:30 of 2nd period - Eric Gelinas is hit by Maxim Kondratiev and loses puck.
8:37 of 2nd period - Wrist shot by Alex Picard.
8:37 of 2nd period - Goal by Alex Picard - Jets : 3 - Red Wings : 1.
8:38 of 2nd period - Tyler Seguin wins face-off versus Mike Richards in neutral zone.
9:25 of 2nd period - Wrist shot by Nate Thompson.
9:25 of 2nd period - Shot Misses the Net.
9:27 of 2nd period - Slapshot by Filip Kuba.
9:27 of 2nd period - Shot Misses the Net.
9:29 of 2nd period - Slapshot by Maxim Kondratiev.
9:29 of 2nd period - Stopped by Jacob Markstrom with a rebound.
9:31 of 2nd period - Slapshot by Maxim Kondratiev.
9:31 of 2nd period - Deflect By Nate Thompson.
9:31 of 2nd period - Stopped by Jacob Markstrom with a rebound.
9:33 of 2nd period - Wrist shot by Nate Thompson.
9:33 of 2nd period - Goal by Nate Thompson - Jets : 3 - Red Wings : 2.
9:34 of 2nd period - Mike Richards wins face-off versus Eric Fehr in neutral zone.
9:39 of 2nd period - Snap shot by Rick Nash.
9:39 of 2nd period - Deflect By Phil Kessel.
9:39 of 2nd period - Stopped by Jacob Markstrom with a rebound.
9:41 of 2nd period - Slapshot by Mike Richards.
9:41 of 2nd period - Deflect By Rick Nash.
9:41 of 2nd period - Shot Misses the Net.
9:41 of 2nd period - Puck is out of play.
9:42 of 2nd period - Mike Richards wins face-off versus Tyler Seguin in Jets zone.
10:23 of 2nd period - Slapshot by Phil Kessel.
10:23 of 2nd period - Goal by Phil Kessel - Jets : 3 - Red Wings : 3.
10:24 of 2nd period - Derek Roy wins face-off versus Tomas Plekanec in neutral zone.
10:33 of 2nd period - Wrist shot by Derek Roy.
10:33 of 2nd period - Shot Blocked by Sean Bergenheim.
10:35 of 2nd period - Wrist shot by Derek Roy.
10:35 of 2nd period - Stopped by Michal Neuvirth without a rebound.
10:36 of 2nd period - Mike Richards wins face-off versus Derek Roy in Red Wings zone.
10:36 of 2nd period - Mike Richards is hit by Benoit Pouliot.
10:44 of 2nd period - Snap shot by Benoit Pouliot.
10:44 of 2nd period - Deflect By Blake Wheeler.
10:44 of 2nd period - Shot Misses the Net.
10:44 of 2nd period - Puck is out of play.
10:45 of 2nd period - Mike Richards wins face-off versus Derek Roy in Red Wings zone.
10:45 of 2nd period - Mike Richards is hit by Blake Wheeler.
10:59 of 2nd period - Wrist shot by Blake Wheeler.
10:59 of 2nd period - Shot Misses the Net.
11:01 of 2nd period - Snap shot by Benoit Pouliot.
11:01 of 2nd period - Shot Misses the Net.
11:03 of 2nd period - Snap shot by Derek Roy.
11:03 of 2nd period - Shot Blocked by Phil Kessel.
11:05 of 2nd period - Snap shot by Derek Roy.
11:05 of 2nd period - Shot Blocked by Phil Kessel.
11:07 of 2nd period - Slapshot by Marco Scandella.
11:07 of 2nd period - Deflect By Derek Roy.
11:07 of 2nd period - Shot Blocked by Shea Weber.
11:07 of 2nd period - Puck is out of play.
11:08 of 2nd period - Zack Hamill wins face-off versus Tomas Plekanec in Red Wings zone.
11:09 of 2nd period - Wrist shot by Fredrik Sjostrom.
11:09 of 2nd period - Stopped by Michal Neuvirth without a rebound.
11:10 of 2nd period - Tomas Plekanec wins face-off versus Zack Hamill in Red Wings zone.
11:12 of 2nd period - Minor Penalty to Steve Downie for Diving.
11:13 of 2nd period - Rickard Wallin wins face-off versus Derek Roy in Red Wings zone.
11:27 of 2nd period - Slapshot by Benoit Pouliot.
11:27 of 2nd period - Stopped by Michal Neuvirth without a rebound.
11:28 of 2nd period - Rickard Wallin wins face-off versus Derek Roy in Red Wings zone.
11:39 of 2nd period - Mike Brown is hit by Derek Roy and loses puck.
13:12 of 2nd period - Penalty to Steve Downie is over, Steve Downie is back on ice.
13:33 of 2nd period - Minor Penalty to Zack Hamill for High sticking.
13:34 of 2nd period - Mike Richards wins face-off versus Blake Wheeler in Jets zone.
13:41 of 2nd period - Slapshot by Mike Richards.
13:41 of 2nd period - Stopped by Jacob Markstrom without a rebound.
13:42 of 2nd period - Mike Richards wins face-off versus Blake Wheeler in Jets zone.
14:26 of 2nd period - Wrist shot by Rick Nash.
14:26 of 2nd period - Deflect By Phil Kessel.
14:26 of 2nd period - Goal by Phil Kessel - Jets : 3 - Red Wings : 4.
14:27 of 2nd period - Mikko Koivu wins face-off versus Tomas Plekanec in neutral zone.
14:33 of 2nd period - Minor Penalty to Sean Bergenheim for Roughing.
14:34 of 2nd period - Benoit Pouliot wins face-off versus Rickard Wallin in Red Wings zone.
14:41 of 2nd period - Snap shot by Benoit Pouliot.
14:41 of 2nd period - Deflect By Blake Wheeler.
14:41 of 2nd period - Shot Misses the Net.
14:41 of 2nd period - Puck is out of play.
14:42 of 2nd period - Rickard Wallin wins face-off versus Derek Roy in Red Wings zone.
14:47 of 2nd period - Maxim Kondratiev is hit by Dmitri Kalinin and loses puck.
14:54 of 2nd period - Slapshot by Benoit Pouliot.
14:54 of 2nd period - Stopped by Michal Neuvirth with a rebound.
14:56 of 2nd period - Wrist shot by Blake Wheeler.
14:56 of 2nd period - Shot Misses the Net.
14:58 of 2nd period - Slapshot by Dmitri Kalinin.
14:58 of 2nd period - Deflect By Benoit Pouliot.
14:58 of 2nd period - Shot Blocked by Rick Nash.
14:58 of 2nd period - Puck is out of play.
14:59 of 2nd period - Derek Roy wins face-off versus Mike Richards in Red Wings zone.
16:33 of 2nd period - Penalty to Sean Bergenheim is over, Sean Bergenheim is back on ice.
16:40 of 2nd period - Snap shot by Sean Bergenheim.
16:40 of 2nd period - Shot Misses the Net.
16:46 of 2nd period - Shea Weber is hit by Brent Seabrook.
16:50 of 2nd period - Brent Seabrook is hit by Chris Campoli and loses puck.
17:21 of 2nd period - Wrist shot by Chris Campoli.
17:21 of 2nd period - Stopped by Jacob Markstrom without a rebound.
17:22 of 2nd period - Mike Richards wins face-off versus Tyler Seguin in Jets zone.
18:14 of 2nd period - Slapshot by Stephane Robidas.
18:14 of 2nd period - Shot Blocked by Anton Volchenkov.
18:16 of 2nd period - Snap shot by Sean Bergenheim.
18:16 of 2nd period - Shot Misses the Net.
18:27 of 2nd period - Minor Penalty to Stephane Robidas for Hooking.
18:28 of 2nd period - Derek Roy wins face-off versus Steve Downie in Red Wings zone.
18:34 of 2nd period - Slapshot by Derek Roy.
18:34 of 2nd period - Stopped by Michal Neuvirth with a rebound.
18:36 of 2nd period - Wrist shot by Benoit Pouliot.
18:36 of 2nd period - Deflect By Derek Roy.
18:36 of 2nd period - Shot Blocked by Maxim Kondratiev.
18:36 of 2nd period - Puck is out of play.
18:37 of 2nd period - Mike Richards wins face-off versus Derek Roy in Red Wings zone.
18:48 of 2nd period - Snap shot by Benoit Pouliot.
18:48 of 2nd period - Stopped by Michal Neuvirth with a rebound.
18:50 of 2nd period - Snap shot by Kevin Klein.
18:50 of 2nd period - Stopped by Michal Neuvirth without a rebound.
18:51 of 2nd period - Derek Roy wins face-off versus Mike Richards in Red Wings zone.
18:54 of 2nd period - Wrist shot by Derek Roy.
18:54 of 2nd period - Stopped by Michal Neuvirth without a rebound.
18:55 of 2nd period - Derek Roy wins face-off versus Mike Richards in Red Wings zone.
19:04 of 2nd period - Snap shot by Derek Roy.
19:04 of 2nd period - Shot Misses the Net.
19:14 of 2nd period - Rickard Wallin is hit by Blake Wheeler and loses puck.
19:25 of 2nd period - Snap shot by Blake Wheeler.
19:25 of 2nd period - Stopped by Michal Neuvirth with a rebound.
19:49 of 2nd period - Snap shot by Derek Roy.
19:49 of 2nd period - Shot Blocked by Filip Kuba.
Goals for this period are 1 for Jets vs 4 for Red Wings.
Shots for this period are 12 for Jets vs 12 for Red Wings.
3rd period
0:01 of 3rd period - Rickard Wallin wins face-off versus Derek Roy in neutral zone.
0:06 of 3rd period - Slapshot by Maxim Kondratiev.
0:06 of 3rd period - Stopped by Jacob Markstrom without a rebound.
0:07 of 3rd period - Derek Roy wins face-off versus Rickard Wallin in Jets zone.
0:16 of 3rd period - Wrist shot by Benoit Pouliot.
0:16 of 3rd period - Stopped by Michal Neuvirth without a rebound.
0:17 of 3rd period - Mike Richards wins face-off versus Derek Roy in Red Wings zone.
0:27 of 3rd period - Penalty to Stephane Robidas is over, Stephane Robidas is back on ice.
0:28 of 3rd period - Slapshot by Benoit Pouliot.
0:28 of 3rd period - Deflect By Blake Wheeler.
0:28 of 3rd period - Stopped by Michal Neuvirth without a rebound.
0:29 of 3rd period - Mike Richards wins face-off versus Derek Roy in Red Wings zone.
0:33 of 3rd period - Icing by Phil Kessel.
0:34 of 3rd period - Mike Richards wins face-off versus Derek Roy in Red Wings zone.
0:46 of 3rd period - Stephane Robidas is hit by Blake Wheeler.
1:02 of 3rd period - Stephane Robidas is hit by Marco Scandella and loses puck.
1:19 of 3rd period - Filip Kuba is hit by Marco Scandella.
1:29 of 3rd period - Snap shot by Ales Hemsky.
1:29 of 3rd period - Stopped by Jacob Markstrom with a rebound.
2:03 of 3rd period - Slapshot by Rick Nash.
2:03 of 3rd period - Deflect By Mike Richards.
2:03 of 3rd period - Stopped by Jacob Markstrom with a rebound.
2:07 of 3rd period - Wrist shot by Mike Richards.
2:07 of 3rd period - Stopped by Jacob Markstrom without a rebound.
2:08 of 3rd period - Mike Richards wins face-off versus Mikko Koivu in Jets zone.
2:23 of 3rd period - Anton Volchenkov is hit by Stephane Robidas and loses puck.
3:13 of 3rd period - Rick Nash is hit by Jimmy Hayes and loses puck.
3:28 of 3rd period - Minor Penalty to Maxim Kondratiev for Tripping.
3:29 of 3rd period - Mike Richards wins face-off versus Derek Roy in Red Wings zone.
3:40 of 3rd period - Wrist shot by Blake Wheeler.
3:40 of 3rd period - Shot Blocked by Chris Campoli.
3:42 of 3rd period - Snap shot by Derek Roy.
3:42 of 3rd period - Deflect By Rick Nash.
3:42 of 3rd period - Stopped by Michal Neuvirth without a rebound.
3:43 of 3rd period - Benoit Pouliot wins face-off versus Mike Richards in Red Wings zone.
4:12 of 3rd period - Brent Seabrook is hit by Chris Campoli and loses puck.
5:28 of 3rd period - Penalty to Maxim Kondratiev is over, Maxim Kondratiev is back on ice.
5:33 of 3rd period - Wrist shot by Adam Henrique.
5:33 of 3rd period - Shot Misses the Net.
5:35 of 3rd period - Slapshot by Nate Thompson.
5:35 of 3rd period - Shot Misses the Net.
5:37 of 3rd period - Wrist shot by Ales Hemsky.
5:37 of 3rd period - Stopped by Jacob Markstrom without a rebound.
5:38 of 3rd period - Nate Thompson wins face-off versus Zack Hamill in Jets zone.
5:39 of 3rd period - Snap shot by Ales Hemsky.
5:39 of 3rd period - Stopped by Jacob Markstrom with a rebound.
5:56 of 3rd period - Ales Hemsky is hit by Kevin Klein and loses puck.
6:25 of 3rd period - Nate Thompson is hit by Fredrik Sjostrom and loses puck.
6:59 of 3rd period - Wrist shot by Adam Henrique.
6:59 of 3rd period - Stopped by Jacob Markstrom with a rebound.
7:18 of 3rd period - Minor Penalty to Filip Kuba for Roughing.
7:19 of 3rd period - Derek Roy wins face-off versus Rickard Wallin in Red Wings zone.
7:56 of 3rd period - Snap shot by Mikko Koivu.
7:56 of 3rd period - Shot Blocked by Mike Richards.
9:18 of 3rd period - Penalty to Filip Kuba is over, Filip Kuba is back on ice.
9:34 of 3rd period - Snap shot by Eric Fehr.
9:34 of 3rd period - Stopped by Michal Neuvirth with a rebound.
10:31 of 3rd period - Fredrik Sjostrom is hit by Jonathan Sigalet and loses puck.
10:52 of 3rd period - Michael Rupp is hit by Tomas Plekanec.
12:24 of 3rd period - Jimmy Hayes is hit by Ales Hemsky and loses puck.
12:50 of 3rd period - Michael Rupp is hit by Mike Richards and loses puck.
13:38 of 3rd period - Eric Fehr is hit by Nate Thompson.
14:05 of 3rd period - Maxim Kondratiev is hit by Jussi Jokinen and loses puck.
14:31 of 3rd period - Rick Nash is hit by Benoit Pouliot and loses puck.
14:46 of 3rd period - Wrist shot by Nate Thompson.
14:46 of 3rd period - Goal by Nate Thompson - Jets : 3 - Red Wings : 5.
14:47 of 3rd period - Derek Roy wins face-off versus Mike Richards in neutral zone.
15:09 of 3rd period - Icing by Brent Seabrook.
15:10 of 3rd period - Derek Roy wins face-off versus Nate Thompson in Jets zone.
16:38 of 3rd period - Off-side.
16:39 of 3rd period - Nate Thompson wins face-off versus Tyler Seguin in neutral zone.
16:45 of 3rd period - Eric Fehr is hit by Adam Henrique and loses puck.
16:50 of 3rd period - Maxim Kondratiev is hit by Brent Seabrook and loses puck.
17:13 of 3rd period - Slapshot by Adam Henrique.
17:13 of 3rd period - Shot Misses the Net.
17:28 of 3rd period - Michael Rupp is hit by Shea Weber.
17:36 of 3rd period - Slapshot by Nate Thompson.
17:36 of 3rd period - Stopped by Jacob Markstrom with a rebound.
17:38 of 3rd period - Slapshot by Nate Thompson.
17:38 of 3rd period - Shot Blocked by Michael Rupp.
17:40 of 3rd period - Wrist shot by Jonathan Sigalet.
17:40 of 3rd period - Stopped by Jacob Markstrom with a rebound.
17:42 of 3rd period - Wrist shot by Ales Hemsky.
17:42 of 3rd period - Goal by Ales Hemsky - Jets : 3 - Red Wings : 6.
17:43 of 3rd period - Mikko Koivu wins face-off versus Mike Richards in neutral zone.
17:50 of 3rd period - Snap shot by Mikko Koivu.
17:50 of 3rd period - Stopped by Michal Neuvirth without a rebound.
17:51 of 3rd period - Mikko Koivu wins face-off versus Mike Richards in Red Wings zone.
17:51 of 3rd period - Mikko Koivu is hit by Stephane Robidas.
17:56 of 3rd period - Minor Penalty to Rick Nash for Tripping.
17:57 of 3rd period - Mike Richards wins face-off versus Derek Roy in Red Wings zone.
18:09 of 3rd period - Snap shot by Derek Roy.
18:09 of 3rd period - Shot Misses the Net.
18:11 of 3rd period - Snap shot by Blake Wheeler.
18:11 of 3rd period - Stopped by Michal Neuvirth with a rebound.
18:13 of 3rd period - Snap shot by Derek Roy.
18:13 of 3rd period - Shot Blocked by Maxim Kondratiev.
19:56 of 3rd period - Penalty to Rick Nash is over, Rick Nash is back on ice.
Goals for this period are 0 for Jets vs 2 for Red Wings.
Shots for this period are 6 for Jets vs 11 for Red Wings.
Back to the Top